 Dungeon Crawl Stone Soup version 0.28-a0-895-g6e5f11bd55 (webtiles) character file.

Game seed: 7749336244442722852

111 gigimoi the Skirmisher (level 4, -13/39 HPs)
             Began as a Palentonga Fighter on Nov 22, 2021.
             Mangled by a gnoll sergeant (15 damage)
             ... on level 4 of the Dungeon.
             The game lasted 00:08:15 (3470 turns).

gigimoi the Skirmisher (Palentonga Fighter)         Turns: 3470, Time: 00:08:15

Health: -13/39     AC:  4    Str: 20    XL:     4   Next: 62%
Magic:  4/4        EV:  7    Int:  8    God:
Gold:   136        SH:  4    Dex: 10    Spells: 3/3 levels left

rFire   . . .      SeeInvis +   a - +0 flail
rCold   . . .      Faith    +   c - +0 buckler
rNeg    . . .      Spirit   .   b - +0 scale mail
rPois   +          Reflect  .   j - +1 helmet
rElec   .          Harm     .   (no cloak)
rCorr   .          Rampage  .   (no gloves)
Will    .....                   (no barding)
Stlth   ..........              l - amulet of faith
HPRegen 0.13/turn               s - ring of poison resistance
MPRegen 0.09/turn               (no ring)

@: corroded
A: large, rugged brown scales 3, see invisible, deformed body, roll 1, armoured
tail
a: Rolling Charge


You were on level 4 of the Dungeon.
You visited 1 branch of the dungeon, and saw 4 of its levels.

You collected 136 gold pieces.

Inventory:

Hand Weapons
 a - a +0 flail (weapon)
 r - a +2 vorpal quarterstaff
Missiles
 h - 110 stones
Armour
 b - a +0 scale mail (worn)
 c - a +0 buckler (worn)
 j - a +1 helmet (worn)
Jewellery
 l - an amulet of faith (around neck)
 s - a ring of poison resistance (left hand)
Scrolls
 i - 3 scrolls of teleportation {unknown}
 m - 3 scrolls of fear
 n - a scroll of enchant armour {unknown}
 o - a scroll of identify {unknown}
 t - 2 scrolls of magic mapping {unknown}
Potions
 d - a potion of might
 e - a potion of resistance {unknown}
 f - a potion of degeneration {unknown}
 g - a potion of brilliance {unknown}
 k - a potion of magic {unknown}
 p - a potion of haste {unknown}
 q - a potion of mutation {unknown}


   Skills:
 + Level 3.9 Fighting
 * Level 3.0 Maces & Flails
 + Level 2.9 Armour
 + Level 2.9 Shields


You had 3 spell levels left.
You didn't know any spells.
Your spell library contained the following spells:

 Spells                   Type           Power      Damage    Failure   Level
 Magic Dart               Conj           0%         1d3       77%         1
 Searing Ray              Conj           0%         2d4       88%         2
 Fulminant Prism          Conj/Hex       0%         3d6       100%        4


Dungeon Overview and Level Annotations

Branches:
Dungeon (4/15)
 Temple: D:4-7

Altars:


Innate Abilities, Weirdness & Mutations

You are completely covered in rugged brown scales. (AC +3, +7% HP)
You have supernaturally acute eyesight. (SInv)
Armour fits poorly on your strangely shaped body.
You can roll at nearby foes to attack.
You have a long armoured tail.


Message History

You hear a splash. x2
The jelly barely misses you.
There is an open door here.
A jelly comes into view.
The ufetubus hits you but does no damage.
You block the ufetubus's attack. The ufetubus barely misses you.
The ufetubus hits you but does no damage.
The jelly jiggles.
The ufetubus hits you but does no damage. x2
You open the door. You block the ufetubus's attack. x2
The ufetubus barely misses you. The ufetubus hits you.
There is an open door here.
You block the ufetubus's attack.
The ufetubus hits you but does no damage.
Okay, then.
You sock the ufetubus!
You kill the ufetubus!
You sock the jelly!
Your hands burn!
The jelly is heavily wounded.
The jelly hits you but does no damage. x2
You hit the jelly. The acid corrodes you!
Your hands burn!
The jelly is heavily wounded.
You block the gnoll sergeant's attack. The jelly hits you.
You are splashed with acid.
A gnoll comes into view. It is wielding a +0 halberd.
You hit the jelly but do no damage.
Your hands burn!
You tail-slap the jelly, but do no damage.
The jelly is heavily wounded.
You block the gnoll sergeant's attack. The jelly hits you but does no damage.
You barely miss the jelly. You tail-slap the jelly!
The jelly is almost dead.
The gnoll sergeant hits you from afar with a +0 halberd!
* * * LOW HITPOINT WARNING * * *
The jelly hits you but does no damage.
The gnoll sergeant hits you from afar with a +0 halberd!
* * * LOW HITPOINT WARNING * * *
The jelly closely misses you.
The gnoll sergeant hits you from afar with a +0 halberd!
You die...

####################
#...............#...
#..@J.......<...#...
#<...g..........#...
#######'#######'##..#
#...........#...##..#
#...........#........
#...........'........
#...........#...#####
#...........#...#....
#...........#####....


You could see a gnoll sergeant and a jelly.

Vanquished Creatures
  2 adders (D:3)
  An ufetubus (D:4)
  2 worms
  4 orcs (D:3)
  11 ball pythons
  15 endoplasms
  4 giant cockroaches (D:2)
  2 goblins (D:2)
  3 hobgoblins
  2 jackals (D:1)
  7 quokkas
  5 bats
  4 frilled lizards (D:1)
  3 kobolds
  4 rats
69 creatures vanquished.

Vanquished Creatures (others)
  3 gnolls (D:4)
3 creatures vanquished.

Grand Total: 72 creatures vanquished

Notes
Turn   | Place    | Note
-------+----------+-------------------------------------------
     0 | D:1      | gigimoi the Palentonga Fighter began the quest for the Orb.
     0 | D:1      | Reached XP level 1. HP: 19/19 MP: 1/1
   230 | D:1      | Reached XP level 2. HP: 25/25 MP: 2/2
   461 | D:1      | Found a faded altar of an unknown god.
   517 | D:1      | Reached XP level 3. HP: 31/31 MP: 3/3
  2228 | D:3      | Reached XP level 4. HP: 33/39 MP: 4/4
  3440 | D:4      | Noticed a gnoll sergeant
  3467 | D:4      | HP: 1/39 [gnoll sergeant (9)]
  3470 | D:4      | Mangled by a gnoll sergeant

Illustrated notes

Levels and vault maps discovered:
D:1:      wheals_arrival_shading, layout_basic,
          hellmonk_ecumenical_altar_dog_temple
D:2:      layout_basic
D:3:      layout_basic, kennysheep_decorative_pillar, minmay_stone_trees_large
D:4:      layout_gridville, xom_confusion_cloud,
          minmay_temple_entry_drinking_statues

Skill      XL: |  1  2  3  4 |
---------------+-------------+-----
Maces & Flails | 3 |  3.0
Fighting       | |  3.9
Armour         | |  2.9
Shields        | |  2.9

Action                   |  1- 3 |  4- 6 || total
-------------------------+-------+-------++-------
Melee: Flail             |   132 |    50 ||   182
       Tailslap          |    15 |     6 ||    21
 Abil: Rolling Charge    |    44 |     5 ||    49
  Use: Scroll            |       |     1 ||     1
Armor: Scale mail        |    57 |    28 ||    85
Dodge: Dodged            |    30 |    16 ||    46
Block: Buckler           |    25 |    14 ||    39

Table legend: (Time is in decaauts)
 A = Elapsed time spent in this place.
 B = Non-inter-level travel time spent in this place.
 C = Inter-level travel time spent in this place.
 D = Time resting spent in this place.
 E = Time spent auto-exploring this place.
 F = Levels seen in this place.
 G = Mean time per level.
                   A        B        C        D        E       F      G
               +--------+--------+--------+--------+--------+-----+--------+
         Total |   3522 |   3329 |    193 |    822 |   2023 |   4 |  880.5 |
       Dungeon |   3522 |   3329 |    193 |    822 |   2023 |   4 |  880.5 |
               +--------+--------+--------+--------+--------+-----+--------+

Top non-repeatable levels by time:
     D:3: 1177 daAuts
     D:1: 1131 daAuts
     D:2: 1110 daAuts
     D:4: 102 daAuts
